 Dungeon Crawl Stone Soup version 0.26.1-2-gb8aa6d0cf2 (webtiles) character file.

Game seed: 14251927306643772851

5484 rewtre1qaz the Cleaver (level 10, -4/88 HPs)
             Began as a Hill Orc Abyssal Knight on Mar 14, 2021.
             Was a High Priest of Lugonu.
             Killed from afar by an orc wizard (11 damage)
             ... with a puff of flame
             ... on level 1 of the Orcish Mines.
             The game lasted 01:02:34 (10296 turns).

rewtre1qaz the Cleaver (Hill Orc Abyssal Knight)   Turns: 10296, Time: 01:02:36

Health: -4/88      AC: 18    Str: 24    XL:     10   Next: 69%
Magic:  7/15       EV:  9    Int: 15    God:    Lugonu [*****.]
Gold:   589        SH:  4    Dex: 14    Spells: 13/16 levels left

rFire    . . .     SeeInvis +   Q - +4 war axe of the Original Sin {flame, Dex+4 SInv}
rCold    + . .     Faith    .   L - +0 buckler
rNeg     . . .     Spirit   .   l - +2 chain mail {rC+}
rPois    +         Reflect  .   S - +0 helmet
rElec    .         Harm     .   (no cloak)
rCorr    .         Rampage  .   f - +0 pair of gloves
Will     .....                  g - +2 pair of boots
Stlth    ..........             D - amulet of the acrobat
HPRegen  0.24/turn              i - +6 ring of strength
MPRegen  0.14/turn              T - ring of flight

@: flying
A: clever 1, poison resistance, MP-powered wands
a: Stop Flying, Renounce Religion, Depart the Abyss, Bend Space, Banish,
Corrupt, Enter the Abyss


You were on level 1 of the Orcish Mines.
You worshipped Lugonu.
Lugonu was extremely pleased with you.
You visited 3 branches of the dungeon, and saw 11 of its levels.
You visited the Abyss 1 time.

You collected 589 gold pieces.

Inventory:

Hand Weapons
 b - a +1 spear
 A - a +0 halberd
 G - a +4 dire flail
 M - a +0 dagger of venom
 Q - the +4 war axe of the Original Sin (weapon) {flame, Dex+4 SInv}
   (You found it on level 7 of the Dungeon)

   It has been specially enchanted to burn those struck by it, causing extra
   injury to most foes and up to half again as much damage against particularly
   susceptible opponents.
   Big, fiery blades are also staple armaments of hydra-hunters.
   It affects your dexterity (+4).
   It lets you see invisible.
 R - a +0 spear of venom
 X - a +1 dagger of chaos
Missiles
 m - 7 javelins
 u - 2 throwing nets
 x - 2 silver javelins (quivered)
 C - 10 boomerangs of dispersal
 H - 2 datura-tipped darts
 N - 4 poisoned darts
Armour
 a - a +2 scale mail of fire resistance
 f - a +0 pair of gloves (worn)
 g - a +2 pair of boots (worn)
 l - a +2 chain mail of cold resistance (worn)
 n - a +0 pair of boots
 w - a +0 leather armour of cold resistance
 L - a +0 buckler (worn)
 S - a +0 helmet (worn)
 Y - a +1 robe of positive energy
Magical Staves
 r - an uncursed staff of air {unknown}
Jewellery
 i - a +6 ring of strength (left hand)
 s - an uncursed amulet of magic regeneration
 B - a +4 ring of slaying
 D - an amulet of the acrobat (around neck)
 E - an uncursed amulet of magic regeneration
 T - a ring of flight (right hand)
Wands
 v - a wand of flame (57)
Scrolls
 c - a scroll of fog
 d - 5 scrolls of remove curse
 h - 3 scrolls of fear {unknown}
 j - 8 scrolls of teleportation
 k - a scroll of identify
 p - 2 scrolls of enchant armour
 q - a scroll of random uselessness
 y - 3 scrolls of magic mapping
 z - a scroll of noise {unknown}
 F - a scroll of brand weapon {unknown}
 I - 2 scrolls of blinking {unknown}
 J - a scroll of amnesia
 K - a scroll of enchant weapon {unknown}
 O - a scroll of silence {unknown}
 W - a scroll of immolation {unknown}
Potions
 e - 5 potions of curing
 t - 4 potions of brilliance
 P - a potion of flight
 U - a potion of invisibility {unknown}
 V - 2 potions of might


   Skills:
 * Level 7.8 Fighting
 * Level 9.3(11.3) Axes
 + Level 8.9(10.1) Polearms
 + Level 0.8 Throwing
 + Level 6.2 Armour
 + Level 2.8 Dodging
 + Level 0.8 Shields
 * Level 3.5 Spellcasting
 + Level 0.4 Conjurations
 * Level 7.4 Invocations


You had 13 spell levels left.
You knew the following spells:

 Your Spells              Type           Power        Failure   Level
a - Magic Dart            Conj           12%          83%         1
b - Blink                 Tloc           N/A          95%         2

Your spell library contained the following spells:

 Spells                   Type           Power        Failure   Level
 Call Imp                 Summ           2%           95%         2
 Slow                     Hex            2%           95%         2
 Conjure Flame            Conj/Fire      3%           99%         3
 Mephitic Cloud           Conj/Pois/Air  3%           99%         3


Dungeon Overview and Level Annotations

Branches:
Dungeon (9/15)             Temple (1/1) D:4             Orc (1/2) D:9
   Lair: D:8-11

Altars:
Ashenzari
Cheibriados
Dithmenos
Elyvilon
Fedhas
Gozag
Hepliaklqana
Kikubaaqudgha
Makhleb
Nemelex Xobeh
Okawaru
Qazlal
Ru
Sif Muna
Trog
Uskayaw
Vehumet
Wu Jian
Xom
Yredelemnul
Zin
The Shining One

Annotations:
Orc:1 corrupted


Innate Abilities, Weirdness & Mutations

Your mind is acute. (Int +2)
Your system is resistant to poisons. (rPois)
You expend magic power (3 MP) to strengthen your wands.


Message History

Something barely misses the blink frog.
The orc warrior hits you with a +0 mace!
The orc warrior hits you with a +0 scimitar!
* * * LOW HITPOINT WARNING * * *
The orc warrior hits the blink frog with a +0 battleaxe!!
The blink frog dies!
The blink frog's corpse disappears in a puff of smoke!
The orc wizard hits you with a +0 dagger.
* * * LOW HITPOINT WARNING * * *
The orc knight hits you with a +0 war axe!
* * * LOW HITPOINT WARNING * * *
The orc knight hits the chaos spawn with a +0 war axe.
You feel very buoyant.
You fly up into the air.
The orc no longer looks unusually strong.
The orc warrior no longer looks unusually strong.
The orc hits you but does no damage. The orc wizard casts a spell at you.
The puff of flame hits you!
You die...

....#.X....X.#
...#.3..##...2 .
.......4X....##...
..........#..#....
....W...X..5#.....
...X...oX.....#...
..5....oo.X..4.#.#
.....o#o@4X...##
....ooo#oo.#.W..
#X.... #......##
...#. #....#..#
.... #...X# .# o..
#x...# .# . ....##
# #.##.


You could see an orc knight, 3 orc warriors, 2 orc wizards, 3 orcs, a neutral
starcursed mass (summoned), 4 neutral tentacled starspawn, a neutral thrashing
horror (summoned), 4 neutral large abominations, a neutral freezing wraith
(summoned), a neutral tormentor (summoned), a neutral ynoxinul (summoned), 3
neutral chaos spawn, a neutral small abomination (summoned), a neutral shadow
(summoned), a neutral iron imp (summoned) and a neutral quasit (summoned).

Vanquished Creatures
  A two-headed ogre (D:9)
  Psyche (D:8)
  A wyvern (D:9)
  A warg (Orc:1)
  2 water moccasins
  2 ice beasts
  A black bear (D:9)
  4 sky beasts
  4 ogres
  An orc warrior (D:6)
  3 phantoms
  A centaur (D:9)
  2 big kobolds
  The ghost of poo4u the Ducker, an amateur FeBe of Dithmenos (D:4)
  A gnoll sergeant (D:7)
  4 bullfrogs
  17 killer bees
  A howler monkey (D:4)
  A centaur zombie (D:7)
  A hound (D:4)
  A bullfrog skeleton (D:7)
  6 orc priests
  4 jellies
  5 orc wizards
  Ijyb (D:3)
  2 iguanas
  10 worker ants
  A hound zombie (D:9)
  A hound skeleton (D:9)
  A worker ant zombie (D:9)
  Robin (D:2)
  19 gnolls
  12 adders
  A shadow imp (D:7)
  2 white imps
  3 ufetubi
  2 adder zombies (D:5)
  3 adder skeletons
  4 worms
  3 dart slugs
  8 leopard geckos
  29 orcs
  10 bats
  2 giant cockroaches
  13 goblins
  7 hobgoblins
  8 jackals
  16 kobolds
  8 quokkas
  3 frilled lizards
  A leopard gecko skeleton (D:5)
  2 quokka skeletons
  A quokka zombie (D:8)
  8 rats
248 creatures vanquished.

Vanquished Creatures (others)
  A goblin (D:2)
1 creature vanquished.

Grand Total: 249 creatures vanquished

Notes
Turn   | Place    | Note
-------+----------+-------------------------------------------
     0 | Abyss:1  | rewtre1qaz the Hill Orc Abyssal Knight began the quest for
                  | the Orb.
     0 | Abyss:1  | Reached XP level 1. HP: 19/19 MP: 2/2
    52 | Abyss:1  | Noticed a large abomination
    54 | D:1      | Escaped the Abyss
   214 | D:1      | Reached skill level 1 in Dodging
   256 | D:1      | Reached XP level 2. HP: 26/27 MP: 3/3
   500 | D:1      | Reached * piety under Lugonu
  1040 | D:1      | Reached XP level 3. HP: 32/34 MP: 4/4
  1345 | D:2      | Reached XP level 4. HP: 36/41 MP: 5/5
  1441 | D:2      | Noticed Robin
  1465 | D:2      | Killed Robin
  1592 | D:2      | Reached ** piety under Lugonu
  1819 | D:2      | Found a stormy altar of Qazlal.
  2160 | D:3      | Reached XP level 5. HP: 46/47 MP: 6/6
  2798 | D:3      | Noticed Ijyb
  2816 | D:3      | Killed Ijyb
  2835 | D:3      | Reached skill level 5 in Polearms
  3091 | D:4      | Reached XP level 6. HP: 31/53 MP: 6/8
  3184 | D:4      | Noticed a phantom
  3386 | D:4      | Gained mutation: Your mind is acute. (Int +2) [potion of
                  | mutation]
  3386 | D:4      | Gained mutation: Your system is resistant to poisons.
                  | (rPois) [potion of mutation]
  3386 | D:4      | Gained mutation: You expend magic power (3 MP) to
                  | strengthen your wands. [potion of mutation]
  3391 | D:4      | Reached *** piety under Lugonu
  3564 | D:4      | Reached XP level 7. HP: 31/60 MP: 9/9
  3847 | D:4      | Found a transporter.
  3847 | D:4      | Noticed poo4u's ghost (amateur FeBe)
  3940 | D:4      | Found a transporter.
  4003 | D:4      | Found an opulent altar of Gozag.
  4058 | D:4      | Found a staircase to the Ecumenical Temple.
  4280 | D:4      | Reached skill level 5 in Fighting
  4627 | D:4      | Reached skill level 1 in Spellcasting
  4748 | D:4      | Killed poo4u's ghost
  4937 | Temple   | Entered the Ecumenical Temple
  5288 | D:5      | Entered Level 5 of the Dungeon
  5322 | D:5      | Reached XP level 8. HP: 53/68 MP: 11/11
  5845 | D:5      | Learned a level 1 spell: Magic Dart
  5848 | D:5      | Learned a level 2 spell: Blink
  6675 | D:6      | Reached skill level 5 in Armour
  6675 | D:6      | Reached skill level 5 in Invocations
  6874 | D:6      | Reached XP level 9. HP: 71/75 MP: 12/12
  7148 | D:6      | Reached **** piety under Lugonu
  7371 | D:7      | Got a transparent war axe
  7377 | D:7      | Identified the +4 war axe of the Original Sin {flame, Dex+4
                  | SInv} (You found it on level 7 of the Dungeon)
  7847 | D:7      | Reached skill level 1 in Axes
  7980 | D:7      | Reached skill level 2 in Axes
  8088 | D:7      | Reached skill level 3 in Axes
  8662 | D:8      | Reached skill level 4 in Axes
  9026 | D:8      | Reached skill level 5 in Axes
  9058 | D:8      | Noticed Psyche
  9066 | D:8      | Killed Psyche
  9067 | D:8      | Reached skill level 6 in Axes
  9067 | D:8      | Reached XP level 10. HP: 43/86 MP: 14/14
  9514 | D:9      | Reached ***** piety under Lugonu
  9617 | D:9      | Reached skill level 7 in Axes
  9696 | D:9      | Noticed a two-headed ogre
  9702 | D:9      | Killed a two-headed ogre
  9703 | D:9      | Reached skill level 8 in Axes
  9718 | D:9      | Found a staircase to the Orcish Mines.
 10071 | D:9      | Reached skill level 9 in Axes
 10272 | Orc:1    | Entered Level 1 of the Orcish Mines
 10272 | Orc:1    | Noticed an orc knight
 10295 | Orc:1    | Corrupted Orc:1
 10295 | Orc:1    | Noticed a tentacled starspawn
 10295 | Orc:1    | Noticed a starcursed mass
 10295 | Orc:1    | Noticed a tentacled starspawn
 10295 | Orc:1    | Noticed a large abomination
 10295 | Orc:1    | Noticed a tentacled starspawn
 10295 | Orc:1    | Noticed a thrashing horror
 10295 | Orc:1    | Noticed a tentacled starspawn
 10296 | Orc:1    | Killed from afar by an orc wizard

Illustrated notes

Levels and vault maps discovered:
D:1:      shiori_arrival_maze, layout_loops_ring, minivault_24,
          wander_ebering_terrifying_dragon_lair
D:2:      layout_loops_cross, grunt_qazlal_clouds, uniq_robin
D:3:      layout_basic, serial_rivers, chequers_serial_rivers_micro_a,
          chequers_serial_rivers_micro_a, chequers_serial_rivers_micro_c,
          chequers_serial_rivers_room_b, uniq_ijyb
D:4:      layout_basic, lemuel_doored_altar, minmay_temple_entry_glassed_door,
          gammafunk_ghost_smash, kennysheep_small_circle
D:5:      layout_cave_pools, st_stairs_3
D:6:      minmay_angry_zag, layout_rooms
D:7:      layout_gridville
D:8:      layout_basic, chequers_serial_rivers_large_b, uniq_psyche
D:9:      layout_rooms, orc_0_dummy, eino_jars
Temple:   roderic_octagonal_lattice_temple
Orc:1:    layout_caves

Skill      XL: |  1  2  3  4  5  6  7  8  9 10 |
---------------+-------------------------------+-----
Fighting       | 4 5 6 7 |  7.8
Dodging        | 1 2 |  2.8
Polearms       | 3 4 5 6 8 |  8.9
Armour         | 3 4 5 6 |  6.2
Invocations    | 3 4 5 6 7 |  7.4
Spellcasting   | 1 2 3 |  3.5
Axes           | 6 9 |  9.3
Throwing       | |  0.8
Shields        | |  0.8
Conjurations   | |  0.4

Action                   |  1- 3 |  4- 6 |  7- 9 | 10-12 || total
-------------------------+-------+-------+-------+-------++-------
Melee: Spear             |   108 |   199 |   298 |       ||   605
       Trident           |       |    60 |       |       ||    60
       War axe           |       |       |    97 |   125 ||   222
       Halberd           |       |       |    10 |       ||    10
Throw: Throwing net      |       |       |     1 |       ||     1
       Javelin           |       |       |     3 |       ||     3
 Cast: Magic Dart        |       |       |     2 |       ||     2
Invok: Depart the Abyss  |     1 |       |       |       ||     1
       Corrupt           |       |       |       |     1 ||     1
 Abil: Evoke Flight      |       |       |     1 |     1 ||     2
  Use: Scroll            |       |     3 |     5 |       ||     8
       Potion            |       |     8 |       |     2 ||    10
Armor: Scale mail        |    68 |   175 |       |    35 ||   278
       Chain mail        |       |       |   199 |    39 ||   238
Dodge: Dodged            |    78 |   159 |   256 |   108 ||   601
Block: Buckler           |       |       |    18 |    26 ||    44
